 Dungeon Crawl Stone Soup version 0.31-a0-1202-ga8fea8b (webtiles) character file.

Game seed: 8956227008001318617

2133841 EngineV8 the Archmage (level 27, 115/169 (170) HPs)
             Began as a Deep Elf Hedge Wizard on Dec 10, 2023.
             Was a High Priest of Sif Muna.
             Escaped with the Orb
             ... and 4 runes on Dec 12, 2023!
             The game lasted 06:39:18 (85168 turns).

EngineV8 the Archmage (Deep Elf Hedge Wizard)      Turns: 85168, Time: 06:39:19

HP:   115/169 (170) AC: 17    Str: 19    XL:     27
MP:   56/56         EV: 32    Int: 39    God:    Sif Muna [*****.]
Gold: 3758          SH: 29    Dex: 30    Spells: 4/80 levels left

rFire   + + .        b - staff of fire
rCold   + + .        m - +6 tower shield {rC+}
rNeg    + + .        V - +3 leather armour {rC+ rF+}
rPois   +            T - +2 hat {Int+3}
rElec   +            G - +2 cloak {Will+}
rCorr   +            C - +2 pair of gloves {Dex+3}
SInv    +            Y - +2 pair of boots {rampage}
Will    ++++.        I - macabre finger necklace {Finger+ rN+}
Stlth   ++           J - ring "Urewedyu" {^Contam rCorr Str+6 Dex+6 SInv}
HPRegen 1.28/turn    E - ring of Guropp {rPois Will+ Str+6 Dex+3}
MPRegen 0.35/turn    W - ring "Qeuwyol" {rElec rN+ Int+8 Stlth-}

%: rampage
@: swift, studying Maces & Flails, lightly drained, quick
A: dopey 1, regeneration 1
0: Orb of Zot
}: 4/15 runes: decaying, serpentine, slimy, silver
a: Renounce Religion, Channel Magic, Forget Spell, Divine Exegesis


You escaped.
You worshipped Sif Muna.
Sif Muna was extremely pleased with you.
You visited 12 branches of the dungeon, and saw 56 of its levels.
You visited the Abyss 1 time.
You visited 1 bazaar.
You also visited: Trove, Sewer, Ice Cave and Desolation.

You collected 9313 gold pieces.
You spent 5555 gold pieces at shops.

Inventory:

Hand Weapons
 a - the +8 quick blade "Qyzuthruy" {elec, Stlth+}
   (You found it in a treasure trove)

   Stlth+:    It makes you more stealthy.
Missiles
 c - 4 throwing nets {!f}
 y - 19 curare-tipped darts {!f}
Armour
 m - a +6 tower shield of cold resistance (worn)
 v - the +4 dragonskin cloak
   (You took it off Tiamat on level 2 of the Realm of Zot)

   Avatar's Aegis: It grants the wearer a chance to resist fire, cold, poison,
   electricity, acid, and negative energy.
 C - a +2 pair of gloves of dexterity (worn)
 G - a +2 cloak of willpower (worn)
 T - a +2 hat of intelligence (worn)
 V - a +3 leather armour of resistance (worn)
 Y - a +2 pair of boots of rampaging (worn)
Magical Staves
 b - a staff of fire (weapon)
Jewellery
 e - the amulet of Ixily {rN+ Regen+ Stlth+}
   (You found it on level 3 of the Crypt)

   [amulet of regeneration]

   rN+:       It protects you from negative energy.
   Regen+:    It increases your rate of health regeneration.
   Stlth+:    It makes you more stealthy.
 k - a ring of fire
 E - the ring of Guropp (right hand) {rPois Will+ Str+6 Dex+3}
   (You bought it in a shop on level 3 of the Snake Pit)

   [ring of strength]

   Str+6:     It affects your strength (+6).
   Dex+3:     It affects your dexterity (+3).
   rPois:     It protects you from poison Will+: It increases your willpower.
 F - the brooch of Shielding {Spirit SH+8}
   (You found it on level 5 of the Vaults)

   [amulet of guardian spirit]

   Spirit:    It causes incoming damage to be divided between your reserves of
   health and magic.
   SH+8:      It affects your SH (+8).
 H - the ring "Zaray" {rN+ Str+3 Int+4}
   (You acquired it on level 3 of the Depths)

   [ring of positive energy]

   Str+3:     It affects your strength (+3).
   Int+4:     It affects your intelligence (+4).
   rN+:       It protects you from negative energy.
 I - the macabre finger necklace (around neck) {Finger+ rN+}
   (You found it in an ice cave)

   [amulet of nothing]

   Finger+:   It enables you to equip an extra ring.
   rN+:       It protects you from negative energy.
 J - the ring "Urewedyu" (left hand) {^Contam rCorr Str+6 Dex+6 SInv}
   (You found it in the Desolation of Salt)

   [ring of strength]

   Str+6:     It affects your strength (+6).
   Dex+6:     It affects your dexterity (+6).
   SInv:      It lets you see invisible.
   ^Contam:   It causes magical contamination when unequipped.
   rCorr:     It protects you from acid and corrosion.
 S - the ring "Fised Wai" {Dex+6 SInv}
   (You found it on level 4 of the Lair of Beasts)

   [ring of dexterity]

   Dex+6:     It affects your dexterity (+6).
   SInv:      It lets you see invisible.
 W - the ring "Qeuwyol" (on amulet) {rElec rN+ Int+8 Stlth-}
   (You found it on level 3 of the Crypt)

   [ring of positive energy]

   Int+8:     It affects your intelligence (+8).
   rElec:     It insulates you from electricity.
   rN+:       It protects you from negative energy.
   Stlth-:    It makes you less stealthy.
Wands
 n - a wand of iceblast (18)
 B - a wand of polymorph (6)
 D - a wand of paralysis (49)
 N - a wand of mindburst (56)
 Q - a wand of digging (11)
 R - a wand of flame (77)
 X - a wand of quicksilver (36)
Scrolls
 g - 9 scrolls of fear
 l - a scroll of summoning
 o - 36 scrolls of teleportation
 r - 4 scrolls of fog
 t - 13 scrolls of poison
 P - 11 scrolls of immolation
 U - 2 scrolls of revelation {!r}
 Z - 4 scrolls of vulnerability
Potions
 d - 7 potions of magic
 f - 11 potions of enlightenment
 h - 19 potions of lignification
 i - 34 potions of curing
 j - 6 potions of resistance
 s - 7 potions of attraction
 u - 10 potions of cancellation {!q}
 w - 16 potions of haste
 x - 15 potions of mutation
 z - 5 potions of invisibility
 A - 13 potions of heal wounds
 L - 17 potions of ambrosia {!q}
 M - 6 potions of brilliance
Miscellaneous
 q - a phial of floods
 K - a box of beasts
 O - a phantom mirror


   Skills:
 + Level 16.8 Fighting
 - Level 4.0 Throwing
 - Level 20.0 Dodging
 - Level 15.0 Stealth
 - Level 15.0 Shields
 O Level 27 Spellcasting
 - Level 10.0 Conjurations
 - Level 10.0 Hexes
 - Level 15.0 Summonings
 - Level 12.0 Necromancy
 - Level 10.0 Translocations
 - Level 20.0 Fire Magic
 - Level 5.0 Ice Magic
 - Level 20.0 Air Magic
 - Level 15.0 Invocations
 - Level 10.0 Evocations


You had 4 spell levels left.
You knew the following spells:

 Your Spells              Type           Power      Damage    Failure   Level
a - Plasma Beam           Fire/Air       71%        2x1d88    1%          6
b - Borgnjor's Vile Clut  Necr/Erth      39%        N/A       2%          5
c - Ignition              Fire           71%        3d19      1%          8
e - Summon Mana Viper     Hex/Summ       100%       N/A       1%          5
f - Summon Forest         Summ/Tloc      50%        N/A       1%          5
g - Summon Cactus Giant   Summ           53%        N/A       1%          6
j - Anguish               Hex/Necr       47%        N/A       1%          4
k - Death Channel         Necr           49%        N/A       1%          6
o - Ozocubu's Armour      Ice            75%        N/A       1%          3
s - Swiftness             Air            100%       N/A       0%          3
v - Blink                 Tloc           100%       N/A       1%          2
w - Fireball              Conj/Fire      65%        3d25      1%          5
z - Sublimation of Blood  Necr           98%        N/A       0%          2
A - Apportation           Tloc           100%       N/A       1%          1
G - Malign Gateway        Summ/Tloc      50%        N/A       6%          7
Q - Maxwell's Capacitive  Air            59%        ∞         1%          8

Your spell library contained the following spells:

 Spells                   Type           Power      Damage    Failure   Level
 Foxfire                  Conj/Fire      100%       2x1d9     0%          1
 Kiss of Death            Conj/Necr      100%       2d13      0%          1
 Necrotise                Necr           100%       1d9       0%          1
 Shock                    Conj/Air       100%       1d9       0%          1
 Summon Small Mammal      Summ           100%       N/A       0%          1
 Call Imp                 Summ           100%       N/A       0%          2
 Scorch                   Fire           100%       2d9       0%          2
 Static Discharge         Conj/Air       100%       3-8/arc   0%          2
 Call Canine Familiar     Summ           100%       N/A       0%          3
 Inner Flame              Hex/Fire       100%       N/A       0%          3
 Volatile Blastmotes      Fire/Tloc      100%       2d18      0%          3
 Airstrike                Air            59%        2d(9-25)  0%          4
 Summon Lightning Spire   Summ/Air       100%       N/A       0%          4
 Freeze                   Ice            100%       1d10      1%          1
 Magic Dart               Conj           100%       1d8       1%          1
 Sandblast                Erth           100%       2d20      1%          1
 Slow                     Hex            100%       N/A       1%          1
 Sting                    Tmut/Pois      100%       1d8       1%          1
 Cigotuvi's Dreadful Rot  Necr/Pois/Air  100%       N/A       1%          2
 Ensorcelled Hibernation  Hex/Ice        100%       N/A       1%          2
 Jinxbite                 Hex            100%       N/A       1%          2
 Lesser Beckoning         Tloc           100%       N/A       1%          2
 Momentum Strike          Conj/Tloc      100%       3d10      1%          2
 Passwall                 Tmut/Erth      42%        N/A       1%          2
 Poisonous Vapours        Pois/Air       100%       N/A       1%          2
 Searing Ray              Conj           100%       2d8       1%          2
 Wereblood                Tmut           51%        N/A       1%          2
 Confusing Touch          Hex            92%        N/A       1%          3
 Dazzling Flash           Conj/Hex       100%       N/A       1%          3
 Frozen Ramparts          Ice            100%       1d16      1%          3
 Gell's Gravitas          Tloc           92%        N/A       1%          3
 Hailstorm                Conj/Ice       84%        3d14      1%          3
 Ignite Poison            Fire/Tmut/Pois 100%       N/A       1%          3
 Mephitic Cloud           Conj/Pois/Air  92%        N/A       1%          3
 Sigil of Binding         Hex            92%        N/A       1%          3
 Stone Arrow              Conj/Erth      100%       3d13      1%          3
 Summon Guardian Golem    Hex/Summ       100%       N/A       1%          3
 Teleport Other           Tloc           92%        N/A       1%          3
 Tukima's Dance           Hex            92%        N/A       1%          3
 Vampiric Draining        Necr           98%        2d13      1%          3
 Animate Armour           Summ/Erth      100%       N/A       1%          4
 Animate Dead             Necr           98%        N/A       1%          4
 Brom's Barrelling Bould  Conj/Erth      75%        2d9       1%          4
 Cause Fear               Hex            46%        N/A       1%          4
 Dimensional Bullseye     Hex/Tloc       46%        N/A       1%          4
 Dispel Undead            Necr           98%        3d31      1%          4
 Flame Wave               Conj/Fire      100%       2d21      1%          4
 Fulminant Prism          Conj/Hex       46%        3d21      1%          4
 Iskenderun's Mystic Bla  Conj/Tloc      92%        2d18      1%          4
 Leda's Liquefaction      Hex/Erth       37%        N/A       1%          4
 Manifold Assault         Tloc           92%        N/A       1%          4
 Passage of Golubria      Tloc           92%        N/A       1%          4
 Sticky Flame             Conj/Fire      100%       2d11      1%          4
 Summon Ice Beast         Ice/Summ       92%        N/A       1%          4
 Vhi's Electric Charge    Tloc/Air       100%       N/A       1%          4
 Olgreb's Toxic Radiance  Pois           51%        N/A       12%         4
 Agony                    Necr           98%        N/A       1%          5
 Arcjolt                  Conj/Air       53%        1d63      1%          5
 Freezing Cloud           Conj/Ice/Air   48%        6-21      1%          5
 Iskenderun's Battlesphe  Conj           92%        2d14      1%          5
 Metabolic Englaciation   Hex/Ice        42%        N/A       1%          5
 Silence                  Hex/Air        53%        N/A       1%          5
 Conjure Ball Lightning   Conj/Air       53%        3x3d18    1%          6
 Starburst                Conj/Fire      65%        6d17      1%          6
 Monstrous Menagerie      Summ           53%        N/A       1%          7
 Summon Hydra             Summ           53%        N/A       1%          7
 Dispersal                Tloc           46%        N/A       3%          6
 Haunt                    Necr/Summ      51%        N/A       3%          7
 Irradiate                Conj/Tmut      37%        3d24      4%          5
 Yara's Violent Unravell  Hex/Tmut       37%        3d15      4%          5
 Simulacrum               Ice/Necr       43%        N/A       5%          6
 Spellforged Servitor     Conj/Summ      50%        N/A       6%          7
 Enfeeble                 Hex            46%        N/A       16%         7
 Orb of Destruction       Conj           46%        9d12      16%         7
 Summon Horrible Things   Summ           53%        N/A       16%         8
 Bombard                  Conj/Erth      37%        9d7       22%         6
 Alistair's Intoxication  Tmut/Pois      34%        N/A       32%         5
 Lee's Rapid Deconstruct  Erth           25%        3d14*     32%         5
 Borgnjor's Revivificati  Necr           49%        N/A       50%         8
 Infestation              Necr           49%        N/A       50%         8
 Ozocubu's Refrigeration  Ice            37%        4d15      77%         7
 Discord                  Hex            46%        N/A       77%         8
 Disjunction              Tloc           46%        N/A       77%         8
 Eringya's Noxious Bog    Tmut/Pois      25%        4d6       87%         6
 Chain Lightning          Conj/Air       53%        3d70      94%         9
 Dragon's Call            Summ           53%        N/A       94%         9
 Fire Storm               Conj/Fire      65%        8d16      94%         9
 Lehudib's Crystal Spear  Conj/Erth      37%        10d9      100%        8
 Death's Door             Necr           49%        N/A       100%        9
 Polar Vortex             Ice            37%        12d5*     100%        9


Dungeon Overview and Level Annotations

Branches:
Dungeon (15/15)            Temple (1/1) D:6            Lair (5/5) D:10
  Swamp (4/4) Lair:2        Snake (4/4) Lair:2        Slime (5/5) Lair:5
    Orc (2/2) D:12            Elf (3/3) Orc:2        Vaults (5/5) D:13
  Crypt (3/3) Vaults:2       Tomb (0/3) Crypt:3      Depths (4/4) D:15
    Zot (5/5) Depths:4      Sewer (visited)           IceCv (visited)
Desolation (visited)

Altars:
Ashenzari
Cheibriados
Dithmenos
Elyvilon
Fedhas
Gozag
Hepliaklqana
Kikubaaqudgha
Makhleb
Nemelex Xobeh
Okawaru
Qazlal
Ru
Sif Muna
Trog
Uskayaw
Vehumet
Wu Jian
Xom
Yredelemnul
Zin
The Shining One
Jiyva

Shops:
D:1 (   D:13 (   Orc:1 *   Orc:2 *(*(   Elf:1 (=?   Elf:2 !   Elf:3 :=*(
Snake:3 =   Vaults:2 ![(*[   Vaults:4 !   Vaults:5 (   Depths:1 *
Depths:4 ([*

Portals:
Hell: Depths:1 Depths:2 Depths:3 Depths:4
Abyss: Depths:3
Pandemonium: Depths:2 Depths:3 Depths:4
Ziggurat: Depths:1

Annotations:
Vaults:1 3 runed translucent doors, Qogouluc's ghost, veteran DECj
Vaults:2 Xtahua


Innate Abilities, Weirdness & Mutations

You are dopey. (Int -2)
Your natural rate of healing is unusually fast.


Message History

The fiery plasma hits Iskenoji!!
Iskenoji resists.
Iskenoji is moderately wounded.
The zombie hands constrict Iskenoji.
The zombie hands constrict the Tzitzimitl, but do no damage.
Iskenoji escapes!
The Tzitzimitl gestures at you. The bolt of negative energy hits you!
You partially resist.
You feel drained.
You take 21 damage, and have 149/165 hp.
You now have 39/56 mp.
Casting: Plasma Beam (safe; 1% risk of failure)
Confirm with . or Enter, or press ? or * to list all spells.
Casting: Plasma Beam (safe; 1% risk of failure)
Press: ? - help, Dir - look around, f - activate You feel a surge of power!
The bolt of lightning hits the Tzitzimitl!
The Tzitzimitl resists.
The Tzitzimitl is almost dead.
The fiery plasma hits the Tzitzimitl!!!
You kill the Tzitzimitl!
Sif Muna accepts your kill.
You regained 2 hp, and now have 151/167 hp.
You now have 33/56 mp.
Casting: Plasma Beam (safe; 1% risk of failure)
Confirm with . or Enter, or press ? or * to list all spells.
Aiming: Borgnjor's Vile Clutch (mildly dangerous; 2% risk of failure)
Press: ? - help, Shift-Dir - straight line, f - Iskenoji
Aim: Iskenoji (moderately wounded, 100% to hit)
Zombie hands grab Iskenoji.
The zombie hands constrict Iskenoji.
Iskenoji struggles to escape constriction.
You now have 29/56 mp.
Casting: Borgnjor's Vile Clutch (mildly dangerous; 2% risk of failure)
Confirm with . or Enter, or press ? or * to list all spells.
You begin accumulating electric charge. (Press . to continue charging.)
You feel charge building up...
The zombie hands constrict Iskenoji!
Iskenoji gestures.
You resist with almost no effort.
You now have 21/56 mp.
You feel charge building up...
The zombie hands constrict Iskenoji.
Iskenoji gestures.
You resist with almost no effort.
You feel charge building up...
The zombie hands constrict Iskenoji!
Iskenoji escapes!
You regained 2 hp, and now have 156/167 hp.
The electricity discharges through Iskenoji!!!!
Iskenoji vaporises in an electric haze!
You kill Iskenoji!
Sif Muna accepts your kill.
Casting: Maxwell's Capacitive Coupling (dangerous; 1% risk of failure)
Confirm with . or Enter, or press ? or * to list all spells.
You draw magical energy from your own body!
You take 22 damage, and have 135/169 hp.
You regained 19 mp, and now have 41/56 mp.
A rust devil comes into view.
You regained 2 hp, and now have 137/169 hp.
You regained 2 hp, and now have 142/169 hp.
You regained 2 hp, and now have 146/169 hp.
There is a stone staircase leading up here.
You climb upwards.
There is a stone staircase leading down here.
You regained 3 hp, and now have 151/169 hp.
HP restored.
An Ikecoist and an ancient lich come into view.
Health restored: 169 You regained 5 mp, and now have 51/56 mp.
Press: ? - help, v - describe, . - travel
Here: Ikecoist, armed with a freezing touch The floor.
Unknown command.
Okay, then.
Casting: Sublimation of Blood (safe; 0% risk of failure)
Confirm with . or Enter, or press ? or * to list all spells.
You draw magical energy from your own body!
You take 7 damage, and have 162/169 hp.
MP restored: 56
Casting: Sublimation of Blood (safe; 0% risk of failure)
Confirm with . or Enter, or press ? or * to list all spells.
Okay, then.
Casting: Sublimation of Blood (safe; 0% risk of failure)
Confirm with . or Enter, or press ? or * to list all spells.
Okay, then.
Casting: Sublimation of Blood (safe; 0% risk of failure)
Confirm with . or Enter, or press ? or * to list all spells.
You feel quick.
Ikecoist calls on the powers of darkness!
Your body is wracked with pain!
A green death comes into view.
You take 62 damage, and have 100/169 hp.
MASSIVE DAMAGE!!
You now have 53/56 mp.
Unknown command.
As you read the scroll of fog, it dissolves into smoke.
Aiming: Dig
Press: ? - help, Shift-Dir - straight line A rock wall.
This square is covered in magical glow.
The rock shatters into small pieces.
MP restored: 56
There is a staircase leading out of the dungeon here.
You have escaped!

.# ########.########.####...# .#
#.................#.#.# .#
#.#######'#######.#.#.# .#
#.#.............#.#.#.# .#
#.#.###########.#.#.#.####
.#######.#.#.........#.#.#.#.....
.......#.#.#.#######.#.#.#.######
.......#.#.#.#.....#.#.#.#.######
.........#...#..@..#...#.........
.......#.#.#.#.....#.#.#.#.......
.......#.#.#.###.##..#.#.#.......
(......#.#.#.........#.#.#.......
.......#.#.##########..#.#.######
.......#.#.............#.#.######
.......#.#######'######L.#§#.....
.......#.................#§#.....
.......####.########.####§.#.....


You could see an ancient lich.

Vanquished Creatures
  the Royal Jelly (Slime:5)
  Tiamat (Zot:2)
  8 dread liches
  6 ancient liches
  An orb of fire (Zot:5)
  Khufu (Crypt:3)
  Frederick (Crypt:1)
  A juggernaut (Depths:4)
  Vv (Zot:1)
  3 Killer Klowns
  A pandemonium lord (D:2)
  Saint Roka (Vaults:1)
  Vashnia (Snake:4)
  3 caustic shrikes (Depths:3)
  8 golden dragons
  2 profane servitors
  Norris (Depths:3)
  2 electric golems (Zot:5)
  2 bone dragons
  2 Tzitzimimeh
  2 doom hounds (Crypt:2)
  A shard shrike zombie (Crypt:1)
  9 tentacled monstrosities
  Zenata (Elf:1)
  Mlioglotl (Snake:1)
  4 titans
  20 Orb Guardians (Zot:5)
  Grunn (Crypt:1)
  3 deep elf blademasters
  3 liches
  Asterion (Elf:1)
  4 sphinxes
  10 quicksilver dragons
  An Executioner (Depths:4)
  2 deep elf master archers (Elf:3)
  2 walking frostbound tomes (Depths:3)
  6 death cobs
  6 ancient champions
  17 acid blobs
  8 tengu reavers
  12 storm dragons
  3 revenants
  13 shadow dragons
  4 draconian monks
  5 nagarajas (Snake:4)
  4 rockslimes (Slime:5)
  3 iron dragons
  11 azure jellies
  6 fire giants
  9 deep elf sorcerers
  10 draconian knights
  A draconian scorcher (Zot:2)
  18 vault wardens
  8 frost giants
  A balrug (Depths:3)
  2 ghost moths
  Louise (Swamp:3)
  A spectral juggernaut (Crypt:3)
  5 draconian shifters
  7 ghouls
  A draconian stormcaller (Zot:3)
  14 ironbound preservers
  A deep elf elementalist (Elf:3)
  4 formless jellyfish
  8 quicksilver oozes
  2 reapers (Crypt:1)
  6 war gargoyles
  3 curse skulls (Crypt:1)
  An orc warlord (Vaults:1)
  12 very ugly things
  A draconian annihilator (Zot:1)
  5 ironbound thunderhulks
  4 spriggan defenders
  7 vampire knights
  14 stone giants
  6 green draconians
  12 deep elf demonologists
  An eleionoma (Swamp:2)
  3 halazid warlocks (Desolation)
  2 lorocyprocas (D:13)
  10 purple draconians
  13 white draconians
  6 dire elephants
  13 yellow draconians
  11 black draconians
  4 deep elf annihilators
  4 red draconians
  3 spark wasps
  2 blizzard demons
  2 green deaths
  12 deep elf death magi
  14 ettins
  12 jiangshi
  4 eidola
  A shambling mangrove (Swamp:2)
  2 mummy priests (Crypt:3)
  2 entropy weavers
  A hell beast (Swamp:4)
  8 deep elf high priests
  10 ragged hierophants (Desolation)
  19 yaktaur captains
  10 great orbs of eyes
  11 ice dragons
  4 fire dragons
  2 spriggan zombies
  35 vault guards
  A catoblepas (D:15)
  5 servants of whispers (Desolation)
  3 spriggan air magi
  6 rakshasas
  2 salamander tyrants (Snake:4)
  6 hydras
  2 ghost crabs (Swamp:3)
  2 alligators
  A two-headed ogre (Orc:2)
  2 ogre magi
  A spectral draconian (Crypt:3)
  9 ironbound frosthearts
  7 peacekeepers
  A boulder beetle (Vaults:1)
  An anaconda (Snake:2)
  12 centaur warriors
  21 dancing weapons
  2 deep troll shamans (Depths:3)
  3 death knights (Crypt:3)
  2 sphinx skeletons (Vaults:2)
  3 deep troll earth magi
  A death yak (Lair:2)
  3 naga warriors (Snake:4)
  2 vampire magi
  5 hell hogs (Depths:3)
  5 naga sharpshooters
  12 spriggan berserkers
  17 tengu warriors
  3 occultists
  An orc high priest (Elf:1)
  3 shock serpents
  8 shadow wraiths
  4 soul eaters
  15 deep elf knights
  A titan skeleton (Vaults:2)
  3 sun demons (Depths:3)
  8 iron trolls
  4 skysharks
  A sixfirhy (D:2)
  3 salamander mystics (Snake:4)
  A ghost moth zombie (Crypt:2)
  A quicksilver dragon simulacrum (Depths:3)
  A death drake (Zot:1)
  2 spriggan druids
  4 goliath frogs
  A shadow demon (Depths:2)
  A cherub (D:13)
  8 bog bodies
  3 glowing orange brains
  40 skeletal warriors
  5 swamp dragons
  2 naga ritualists (Snake:4)
  13 phantasmal warriors
  4 flayed ghosts
  20 ironbound convokers
  6 arcanists
  42 deep trolls
  A glowing orange brain (shapeshifter) (Vaults:5)
  A bunyip skeleton (Crypt:2)
  11 lindwurms
  17 deep elf archers
  2 golden dragon skeletons (Crypt:2)
  An iron giant skeleton (Crypt:1)
  20 ugly things
  44 deep elf zephyrmancers
  A tengu zombie (Vaults:2)
  39 deep elf pyromancers
  7 necromancers
  A tengu skeleton (Vaults:2)
  A frost giant zombie (Crypt:1)
  6 orc knights
  2 mana vipers (Snake:1)
  2 cyclopes (Orc:2)
  8 salamanders
  A shadow dragon skeleton (Vaults:2)
  3 manticores
  6 shining eyes
  2 will-o-the-wisps
  6 large abominations
  2 stone giant skeletons
  2 fire giant skeletons (Vaults:2)
  24 moths of wrath
  17 vault sentinels
  14 guardian serpents
  A torpor snail (Lair:3)
  13 naga magi
  A torpor snail (shapeshifter) (Elf:2)
  4 smoke demons
  24 black mambas
  2 naga zombies
  2 ice statues
  9 cane toads
  2 naga skeletons (Crypt:1)
  A gargoyle (D:13)
  An orange demon (Swamp:4)
  3 human skeletons (Vaults:2)
  3 komodo dragons
  4 tengu conjurers
  An elf skeleton (Vaults:2)
  6 freezing wraiths
  An unseen horror skeleton (Crypt:2)
  12 rime drakes
  A tormentor (Zot:5)
  40 yaktaurs
  3 ice devils (Depths:3)
  A black draconian skeleton (Crypt:1)
  8 guardian mummies
  4 trolls
  4 meliai
  A troll (shapeshifter) (Elf:3)
  3 bloated husks
  2 hellwings (Depths:4)
  A harpy skeleton (Crypt:1)
  A satyr zombie (Crypt:2)
  49 saltlings (Desolation)
  3 hornets
  8 polar bears
  4 tyrant leeches
  5 glass eyes
  12 blink frogs
  3 dream sheep (Lair:5)
  Sigmund (D:6)
  A radroach zombie (Crypt:2)
  85 slime creatures
  A human simulacrum (Crypt:1)
  A culicivora (Vaults:2)
  7 spriggans
  56 flying skulls
  4 air elementals
  5 shadows
  4 yaks
  A black mamba zombie (Crypt:2)
  10 water elementals
  A black mamba skeleton (Crypt:2)
  4 wyverns
  An ettin skeleton (Crypt:3)
  A vampire (D:13)
  4 golden eyes
  10 wraiths
  A basilisk (D:15)
  4 fire elementals
  A hog (shapeshifter) (D:14)
  A yaktaur simulacrum (Vaults:2)
  A steam dragon (D:7)
  14 vampire mosquitoes
  2 wargs
  A two-headed ogre zombie (Crypt:2)
  Edmund (D:6)
  23 nagas
  2 acid dragons
  4 nameless horrors
  6 swamp worms
  12 water moccasins
  2 glowing shapeshifter skeletons
  A swamp drake (Swamp:1)
  4 black bears
  11 orc warriors
  A sky beast (D:7)
  A cane toad skeleton (Crypt:1)
  4 small abominations
  A lindwurm zombie (Crypt:1)
  An ettin simulacrum (Depths:3)
  10 ogres
  7 centaurs
  A torpor snail zombie (Crypt:2)
  5 wolves (Lair:5)
  8 boggarts
  2 phantoms
  2 kobold brigands
  A rime drake skeleton (Crypt:1)
  12 bullfrogs
  A glowing shapeshifter simulacrum (Vaults:2)
  3 scorpions
  6 necrophages
  10 wights
  A troll zombie (Crypt:2)
  16 killer bees
  2 electric eels (Lair:2)
  A gnoll bouda (D:4)
  5 jellies
  6 orc priests
  2 hounds (D:5)
  13 orc wizards
  2 sleepcaps (D:4)
  2 iguanas (D:4)
  2 gnolls (D:4)
  12 river rats
  8 adders
  A shadow imp (D:6)
  4 white imps
  A lava snake zombie (Crypt:1)
  4 dart slugs
  2 worms
  48 orcs
  18 bats
  A bat zombie (Crypt:2)
  13 endoplasms
  5 giant cockroaches
  6 hobgoblins
  4 jackals
  14 kobolds
  5 quokkas
  9 ball pythons
  7 frilled lizards
  7 goblins
  A kobold skeleton (Crypt:1)
  18 rats
  A butterfly (Lair:1)
  A snaplasher vine (D:15)
2030 creatures vanquished.

Vanquished Creatures (collateral kills)
  A dread lich (Crypt:1)
  An ancient lich (Zot:5)
  3 orbs of fire
  Sojobo (Vaults:2)
  2 Killer Klowns (Zot:5)
  A shard shrike (IceCv)
  Bai Suzhen (Swamp:4)
  A curse toe (Zot:1)
  2 caustic shrikes (Depths:3)
  4 golden dragons
  The ghost of Taxman1966 the Skinwalker, an adept MfSh of Makhleb (Elf:3)
  11 tentacled monstrosities
  5 Orb Guardians (Zot:5)
  3 acid blobs
  Gastronok (Lair:3)
  2 death cobs (Zot:3)
  A thorn hunter (Swamp:3)
  6 eldritch tentacles
  2 shadow dragons
  5 storm dragons
  Aizul (Snake:1)
  A nagaraja (Snake:4)
  A draconian knight (Zot:1)
  An azure jelly (Slime:5)
  3 draconian monks
  11 rockslimes
  A fenstrider witch (Swamp:4)
  A fire giant (Depths:4)
  A deep elf sorcerer (Elf:3)
  The ghost of MrDizzy the Covert, a journeyman DsBr of Uskayaw (Swamp:1)
  A draconian shifter (Zot:2)
  A draconian scorcher (Zot:2)
  A formless jellyfish (Slime:5)
  5 quicksilver oozes
  A draconian stormcaller (Zot:5)
  2 ironbound preservers (Vaults:3)
  3 very ugly things
  A stone giant (D:15)
  An eleionoma (Swamp:2)
  2 black draconians
  3 purple draconians
  3 bunyips
  2 red draconians
  7 yellow draconians
  An eidolon (Crypt:1)
  4 white draconians
  3 crystal guardians (Desolation)
  An ettin (Depths:1)
  2 fire dragons
  Josephine (Orc:1)
  2 yaktaur captains (Vaults:3)
  A green death (Swamp:4)
  10 hydras
  An entropy weaver (Vaults:3)
  A rakshasa (D:15)
  Erolcha (D:9)
  A ghost crab (Swamp:3)
  A hell beast (Swamp:4)
  3 great orbs of eyes
  2 ice dragons
  A peacekeeper (Desolation)
  A salamander tyrant (Snake:3)
  8 anacondas
  A centaur warrior (D:14)
  3 boulder beetles (D:15)
  5 alligators
  13 dancing weapons
  11 naga warriors
  3 ogre magi
  7 two-headed ogres (Orc:2)
  A deep troll earth mage (Depths:4)
  2 deep troll shamans (Depths:2)
  11 death yaks (Lair:3)
  A spriggan berserker (Depths:3)
  A hell hog (Depths:3)
  4 naga sharpshooters
  2 thrashing horrors
  8 shock serpents
  5 hell knights (Depths:3)
  An orc high priest (Orc:1)
  19 spriggans
  6 skeletal warriors
  4 iron trolls
  2 skysharks
  A large abomination (Abyss:1)
  2 spriggan druids
  2 salamander mystics (Snake:4)
  4 goliath frogs
  5 swamp dragons
  13 deep trolls
  2 orange crystal statues
  An obsidian statue (Zot:5)
  A flayed ghost (D:13)
  3 naga ritualists
  4 bog bodies
  An ironbound convoker (Vaults:3)
  A death drake (Swamp:3)
  2 wolf spider zombies (D:15)
  An orc knight (Orc:1)
  A deep elf zephyrmancer (D:15)
  3 mana vipers
  4 deep elf pyromancers
  A will-o-the-wisp (Swamp:4)
  Maurice (D:9)
  17 ugly things
  8 salamanders
  3 cyclopes
  A shining eye (Slime:5)
  11 elephants
  An ice statue (Swamp:2)
  3 moths of wrath
  2 kobold blastminers (Orc:2)
  A vault sentinel (Vaults:3)
  A torpor snail (Lair:5)
  A centaur zombie (D:15)
  A gargoyle (D:10)
  3 guardian serpents
  10 naga magi
  17 black mambas
  An orange demon (Swamp:4)
  An eye of devastation (Zot:4)
  3 cane toads
  An unseen horror (shapeshifter) (D:15)
  3 efreet (D:15)
  6 yaktaurs (Vaults:3)
  5 rime drakes
  8 komodo dragons
  A spectral naga (Snake:2)
  2 tengu conjurers (D:15)
  2 meliai (D:15)
  5 trolls
  A bloated husk (Swamp:3)
  A queen bee (Lair:2)
  2 tyrant leeches (Swamp:3)
  14 hornets
  9 polar bears
  7 saltlings (Desolation)
  4 glass eyes
  12 blink frogs
  A dream sheep (Lair:5)
  51 slime creatures
  A shadow (D:13)
  A wyvern (D:10)
  5 wraiths
  36 yaks
  A ynoxinul (Abyss:1)
  A golden eye (Slime:3)
  A fire elemental (Elf:2)
  7 vampire mosquitoes
  2 basilisks
  30 nagas
  4 swamp worms
  3 water moccasins
  6 orc warriors
  A swamp drake (Swamp:4)
  2 black bears (Lair:5)
  A hornet zombie (D:15)
  3 centaurs (D:13)
  11 ogres (Orc:2)
  15 wolves
  3 boggarts
  A phantom (D:6)
  A nameless horror (Orc:1)
  2 earth elementals
  A small abomination (Abyss:1)
  A wight (D:10)
  25 killer bees
  A howler monkey (D:9)
  7 orc priests
  2 jellies
  6 orc wizards
  2 gnolls (D:3)
  An adder (D:3)
  A river rat (Sewer)
  23 orcs
  2 jackals (D:1)
  A bat (Orc:1)
  6 rats
  A spectral weapon (Swamp:4)
755 creatures vanquished.

Vanquished Creatures (others)
  An ancient lich (Zot:5)
  Nikola (Swamp:4)
  47 eldritch tentacles
  2 fire giants (Depths:2)
  A rockslime (Slime:5)
  The ghost of Zadaah the Zephyrmancer, an adept SpAE of Vehumet (Swamp:3)
  An angel (D:9)
  A red draconian (Zot:3)
  A bunyip (Swamp:3)
  An ettin (Depths:1)
  2 hydras
  2 alligators
  2 death yaks (Lair:3)
  A tengu warrior (Depths:3)
  6 hell knights (Depths:3)
  A quicksilver dragon simulacrum (Depths:3)
  2 goliath frogs (Swamp:1)
  A swamp dragon (Swamp:4)
  3 deep trolls (Vaults:3)
  4 ugly things
  A salamander (Snake:3)
  An elephant (Lair:4)
  2 black mambas (Snake:1)
  A rime drake (IceCv)
  A komodo dragon (Lair:3)
  A tyrant leech (Swamp:1)
  A bloated husk (Swamp:2)
  2 hornets
  3 polar bears (IceCv)
  2 spriggans
  A yak (Lair:4)
  A naga (Snake:2)
  2 ettin simulacra (Depths:3)
  3 ball lightnings (Swamp:3)
  A fire vortex (Crypt:3)
  8 foxfires (Swamp:4)
  42 snaplasher vines
154 creatures vanquished.

Grand Total: 2939 creatures vanquished

Notes
Turn   | Place    | Note
-------+----------+-------------------------------------------
     0 | D:1      | EngineV8 the Deep Elf Hedge Wizard began the quest for the
                  | Orb.
     0 | D:1      | Reached XP level 1. HP: 10/10 MP: 7/7
     4 | D:1      | Learned a level 1 spell: Slow
   235 | D:1      | Reached skill level 1 in Fighting
   369 | D:1      | Reached skill level 1 in Hexes
   377 | D:1      | Reached XP level 2. HP: 16/16 MP: 6/9
   714 | D:1      | Learned a level 2 spell: Blink
   717 | D:1      | Learned a level 2 spell: Call Imp
   926 | D:1      | Found Igoraug's Antique Weapon Boutique.
  1306 | D:2      | Reached XP level 3. HP: 20/20 MP: 7/10
  1891 | D:2      | Learned a level 3 spell: Mephitic Cloud
  2059 | D:3      | Found a faded altar of an unknown god.
  2169 | D:3      | Reached skill level 5 in Spellcasting
  2169 | D:3      | Reached XP level 4. HP: 22/25 MP: 5/13
  2436 | D:3      | Found a glowing drain.
  2439 | Sewer    | Entered a sewer
  2556 | Sewer    | Learned a level 3 spell: Inner Flame
  2669 | Sewer    | Reached XP level 5. HP: 29/29 MP: 15/15
  2680 | Sewer    | Reached skill level 6 in Spellcasting
  2876 | Sewer    | Reached skill level 1 in Fire Magic
  3025 | Sewer    | Reached XP level 6. HP: 34/34 MP: 10/17
  3153 | Sewer    | Found a viscous altar of Jiyva.
  3219 | Sewer    | Reached skill level 10 in Spellcasting
  3219 | Sewer    | Reached skill level 5 in Conjurations
  3219 | Sewer    | Reached skill level 5 in Summonings
  3219 | Sewer    | Reached skill level 5 in Fire Magic
  3219 | Sewer    | Reached XP level 7. HP: 38/38 MP: 17/22
  5045 | D:4      | Reached skill level 1 in Evocations
  5765 | D:5      | Entered Level 5 of the Dungeon
  5835 | D:5      | Reached XP level 8. HP: 45/45 MP: 18/24
  5972 | D:5      | Found a broken altar of Ashenzari.
  6531 | D:5      | Found an opulent altar of Gozag.
  6714 | D:5      | Identified the +1 ring mail of Eternal Vigilance {Int+6}
  7029 | D:6      | Noticed Edmund
  7036 | D:6      | Noticed Sigmund
  7057 | D:6      | Killed Edmund
  7058 | D:6      | Killed Sigmund
  7059 | D:6      | Reached skill level 1 in Air Magic
  7059 | D:6      | Reached XP level 9. HP: 50/50 MP: 9/25
  7382 | D:6      | Found a staircase to the Ecumenical Temple.
  7409 | Temple   | Entered the Ecumenical Temple
  7425 | Temple   | Became a worshipper of Sif Muna the Loreminder
  7877 | D:6      | Found a basalt altar of Yredelemnul.
  7877 | D:6      | Found a radiant altar of Vehumet.
  7881 | D:6      | Reached skill level 5 in Evocations
  7885 | D:6      | Found a hazy altar of Hepliaklqana.
  7885 | D:6      | Found a burning altar of Makhleb.
  8290 | D:7      | Found a snail-covered altar of Cheibriados.
  9147 | D:8      | Learned a level 5 spell: Summon Mana Viper
  9180 | D:8      | Reached * piety under Sif Muna
  9859 | D:8      | Reached XP level 10. HP: 44/56 MP: 16/26
  9913 | D:8      | Found a transporter.
 10274 | D:9      | Learned a level 5 spell: Summon Forest
 10589 | D:9      | Noticed an angel
 10590 | D:9      | Found a shimmering altar of Xom.
 10591 | D:9      | Found a glowing silver altar of Zin.
 10626 | D:9      | Killed an angel
 10720 | D:9      | Noticed Erolcha
 10791 | Abyss:1  | Cast into level 1 of the Abyss (Erolcha)
 10829 | Abyss:1  | Noticed a tentacled starspawn
 10848 | Abyss:1  | Noticed a thrashing horror
 10857 | Abyss:1  | Killed a thrashing horror
 10858 | Abyss:1  | Reached skill level 1 in Throwing
 10904 | Abyss:1  | Noticed a starcursed mass
 10969 | Abyss:1  | Noticed a large abomination
 10987 | Abyss:1  | Killed a large abomination
 11004 | Abyss:1  | Noticed a red very ugly thing
 11021 | Abyss:1  | Killed a red very ugly thing
 11024 | D:9      | Escaped the Abyss
 11035 | D:9      | Killed Erolcha
 11090 | D:9      | Noticed Maurice
 11100 | D:9      | Killed Maurice
 11101 | D:9      | Reached skill level 5 in Dodging
 11490 | D:10     | Entered Level 10 of the Dungeon
 11524 | D:10     | Reached XP level 11. HP: 49/60 MP: 12/27
 11536 | D:10     | Reached skill level 10 in Stealth
 11599 | D:10     | Found a glowing golden altar of the Shining One.
 11735 | D:10     | Reached ** piety under Sif Muna
 11736 | D:10     | Reached skill level 5 in Translocations
 11899 | D:10     | Found a staircase to the Lair.
 12820 | D:12     | Noticed a white ugly thing
 12841 | D:12     | Killed a white ugly thing
 12842 | D:12     | Reached skill level 10 in Hexes
 12874 | D:12     | Found a white marble altar of Elyvilon.
 13014 | D:12     | Noticed a deep elf pyromancer
 13022 | D:12     | Killed a deep elf pyromancer
 13189 | D:12     | Noticed a deep elf pyromancer
 13195 | D:12     | Killed a deep elf pyromancer
 13384 | D:12     | Reached *** piety under Sif Muna
 13597 | D:12     | Found a staircase to the Orcish Mines.
 13762 | D:13     | Noticed a centaur warrior
 13775 | D:13     | Killed a centaur warrior
 13841 | D:13     | Found a transporter.
 13841 | D:13     | Found a transporter.
 13842 | D:13     | Found a transporter.
 13911 | D:13     | Noticed a purple ugly thing
 13912 | D:13     | Reached skill level 5 in Fighting
 13923 | D:13     | Killed a purple ugly thing
 13924 | D:13     | Reached XP level 12. HP: 68/68 MP: 22/28
 13944 | D:13     | Noticed a catoblepas
 14062 | D:13     | Found Timis's Weapon Shop.
 14374 | D:13     | Found a transporter.
 14445 | D:13     | Noticed a tengu warrior
 14461 | D:13     | Killed a tengu warrior
 14572 | D:13     | Reached **** piety under Sif Muna
 14913 | D:13     | Found a gate to the Vaults.
 15197 | D:14     | Noticed a tengu warrior
 15210 | D:14     | Killed a tengu warrior
 15283 | D:14     | Noticed a tengu warrior
 15296 | D:14     | Killed a tengu warrior
 15297 | D:14     | Reached skill level 11 in Spellcasting
 15298 | D:14     | Noticed an eight-headed hydra
 15308 | D:14     | Killed an eight-headed hydra
 15311 | D:14     | Noticed a centaur warrior
 15581 | D:14     | Killed a centaur warrior
 15638 | D:14     | Reached skill level 12 in Spellcasting
 15668 | D:14     | Identified the +4 ring mail of Waegunn {Harm *Slow rPois
                  | Will+++}
 15684 | D:14     | Noticed a rakshasa
 15697 | D:14     | Killed a rakshasa
 15703 | D:14     | Noticed a centaur warrior
 15841 | D:14     | Killed a centaur warrior
 15924 | D:14     | Reached XP level 13. HP: 78/78 MP: 13/31
 15990 | D:14     | Learned a level 6 spell: Summon Cactus Giant
 16032 | D:15     | Entered Level 15 of the Dungeon
 16604 | D:15     | Reached ***** piety under Sif Muna
 16680 | D:15     | Reached skill level 10 in Summonings
 17401 | D:15     | Learned a level 4 spell: Airstrike
 17406 | D:15     | Learned a level 4 spell: Summon Lightning Spire
 17453 | D:15     | Found a staircase to the Depths.
 17628 | D:15     | Identified the flux talisman of Grace {rElec rCorr Str-2
                  | Dex+6}
 17641 | D:15     | Identified the +7 whip of Growth {heavy, Fly rF+ rC- rCorr}
 17687 | D:15     | Reached skill level 13 in Spellcasting
 17820 | D:15     | Upgraded the game from 0.31-a0-1169-gd935f9f to
                  | 0.31-a0-1173-g2d6e455
 17956 | Orc:1    | Entered Level 1 of the Orcish Mines
 18014 | Orc:1    | Reached XP level 14. HP: 84/84 MP: 14/33
 18054 | Orc:1    | Found Iskairr's CLEARANCE SALE!.
 18061 | Orc:1    | Bought a +1 helmet of see invisible for 115 gold pieces
 18072 | Orc:1    | Bought a potion of heal wounds for 35 gold pieces
 18338 | Orc:2    | Entered Level 2 of the Orcish Mines
 18626 | Orc:2    | Found a staircase to the Elven Halls.
 18655 | Orc:1    | Noticed Josephine
 18661 | Orc:1    | Received a gift from Sif Muna
 18662 | Orc:1    | Killed Josephine
 18665 | Orc:1    | Got Sif Muna's Codex of Pragmatism {god gift}
 18697 | Orc:1    | Learned a level 3 spell: Summon Guardian Golem
 18928 | Orc:2    | Reached skill level 5 in Air Magic
 19265 | Orc:2    | Reached skill level 14 in Spellcasting
 19415 | Orc:2    | Found Miestrausi's Weapon Emporium.
 19420 | Orc:2    | Found Fasm's Weapon Boutique.
 19473 | Orc:2    | Found Nounutopt's General Store.
 19478 | Orc:2    | Found Cegaapteots's General Store.
 19519 | Orc:2    | Bought a scroll of teleportation for 36 gold pieces
 19519 | Orc:2    | Bought a wand of paralysis (5) for 144 gold pieces
 19519 | Orc:2    | Bought a potion of curing for 36 gold pieces
 19519 | Orc:2    | Bought a potion of enlightenment for 60 gold pieces
 19772 | Orc:2    | Bought a throwing net for 42 gold pieces
 19952 | Lair:1   | Entered Level 1 of the Lair of Beasts
 20405 | Lair:1   | Reached skill level 1 in Shields
 20738 | Lair:2   | Received a gift from Sif Muna
 20865 | Lair:2   | Found a staircase to the Snake Pit.
 21377 | Lair:2   | Found a staircase to the Swamp.
 21467 | Lair:2   | Reached skill level 15 in Spellcasting
 21967 | Lair:3   | Reached XP level 15. HP: 88/88 MP: 22/36
 21988 | Lair:3   | Noticed Gastronok
 22016 | Lair:3   | Received a gift from Sif Muna
 22017 | Lair:3   | Got Sif Muna's Excursus on Vapour and Hoarfrost {god gift}
 22172 | Lair:3   | Killed Gastronok
 22173 | Lair:3   | Reached skill level 10 in Air Magic
 22365 | Lair:3   | Learned a level 3 spell: Swiftness
 23982 | Lair:4   | Identified the ring "Fised Wai" {Dex+6 SInv}
 24520 | Lair:5   | Entered Level 5 of the Lair of Beasts
 24699 | Lair:5   | Found a viscous altar of Jiyva.
 24706 | Lair:5   | Found a staircase to the Slime Pits.
 24812 | Lair:5   | Received a gift from Sif Muna
 24813 | Lair:5   | Got Sif Muna's Quarto of Fetching Ouranomancy {god gift}
 25147 | Lair:5   | Paralysed by a hornet for 3 turns
 25383 | Lair:5   | Upgraded the game from 0.31-a0-1173-g2d6e455 to
                  | 0.31-a0-1178-gc5c9b8f
 25560 | Lair:5   | Reached skill level 10 in Evocations
 25862 | Lair:5   | Reached XP level 16. HP: 87/96 MP: 30/37
 25869 | Lair:5   | Reached ****** piety under Sif Muna
 26416 | D:13     | Bought the +7 spear of Jijuob {freeze, rPois} for 825 gold
                  | pieces
 26602 | Swamp:1  | Entered Level 1 of the Swamp
 26716 | Swamp:1  | Reached skill level 10 in Dodging
 26776 | Swamp:1  | Reached skill level 10 in Fighting
 27077 | Swamp:1  | Found a transporter.
 27080 | Swamp:1  | Noticed MrDizzy's ghost (journeyman DsBr)
 27196 | Swamp:1  | Found a transporter.
 27208 | Swamp:1  | Received a gift from Sif Muna
 27209 | Swamp:1  | Got Bukhlik's Folio of Chthonic Changes {god gift}
 27583 | Swamp:2  | Reached skill level 16 in Spellcasting
 27726 | Swamp:2  | Found a sparkling altar of Nemelex Xobeh.
 27799 | Swamp:2  | Found a frozen archway.
 27811 | Swamp:2  | Reached skill level 17 in Spellcasting
 27888 | IceCv    | Entered an ice cave
 28164 | IceCv    | Received a gift from Sif Muna
 28247 | IceCv    | Learned a level 4 spell: Anguish
 28384 | IceCv    | Reached skill level 18 in Spellcasting
 28386 | IceCv    | Reached skill level 1 in Necromancy
 28815 | IceCv    | Noticed a shard shrike
 28831 | IceCv    | Reached skill level 5 in Necromancy
 28913 | IceCv    | Killed a shard shrike
 28941 | IceCv    | Found the macabre finger necklace {Finger+ rN+}
 29575 | Swamp:3  | Noticed a thorn hunter
 29624 | Swamp:3  | Killed a thorn hunter
 29626 | Swamp:3  | Noticed Louise
 29637 | Swamp:3  | Killed Louise
 30068 | Swamp:3  | Received a gift from Sif Muna
 30161 | Swamp:3  | Found a runed translucent door.
 30163 | Swamp:3  | Noticed Zadaah's ghost (adept SpAE)
 30165 | Swamp:3  | Identified the +7 spear of Jacirr {elec, rElec rC- Int+3}
 30293 | Swamp:3  | Reached XP level 17. HP: 102/102 MP: 38/41
 30308 | Swamp:4  | Entered Level 4 of the Swamp
 30316 | Swamp:4  | Reached skill level 10 in Necromancy
 30424 | Swamp:4  | Learned a level 6 spell: Death Channel
 30628 | Swamp:4  | Noticed Nikola
 30660 | Swamp:4  | Killed Nikola
 30828 | Swamp:4  | Noticed Bai Suzhen
 30854 | Swamp:4  | Killed Bai Suzhen
 31811 | Swamp:4  | Received a gift from Sif Muna
 31812 | Swamp:4  | Got Sif Muna's Elucidation of Aerial Bad Luck {god gift}
 31903 | Swamp:4  | Got a decaying rune of Zot
 32288 | Snake:1  | Entered Level 1 of the Snake Pit
 32444 | Snake:1  | Noticed Mlioglotl
 32459 | Snake:1  | Killed Mlioglotl
 32561 | Snake:1  | Identified the serpent talisman "Uxzotwot" {Str+2}
 32561 | Snake:1  | Noticed Aizul
 32578 | Snake:1  | Killed Aizul
 32600 | Snake:1  | Learned a level 3 spell: Ozocubu's Armour
 32740 | Snake:1  | Reached skill level 1 in Ice Magic
 32899 | Snake:1  | Learned a level 5 spell: Borgnjor's Vile Clutch
 33578 | Snake:2  | Received a gift from Sif Muna
 33594 | Snake:2  | Reached XP level 18. HP: 92/113 MP: 5/42
 33677 | Snake:2  | Reached skill level 5 in Ice Magic
 33946 | Snake:2  | Learned a level 3 spell: Frozen Ramparts
 34914 | Snake:3  | Reached skill level 19 in Spellcasting
 35002 | Snake:3  | Received a gift from Sif Muna
 35020 | Snake:3  | Got Sif Muna's Book of the Throng {god gift}
 35412 | Snake:3  | Found Ufronan's Jewellery Emporium.
 35419 | Snake:3  | Bought the ring of Guropp {rPois Will+ Str+6 Dex+3} for
                  | 1004 gold pieces
 36150 | Swamp:1  | Reached skill level 1 in Invocations
 36157 | Swamp:1  | Killed MrDizzy's ghost
 36169 | Swamp:1  | Identified the amulet "Dogrikoj" {Reflect *Corrode Fly
                  | rPois rN++ SH+5}
 36396 | Swamp:3  | Killed Zadaah's ghost
 36683 | Snake:4  | Entered Level 4 of the Snake Pit
 36757 | Snake:4  | Learned a level 6 spell: Plasma Beam
 36889 | Snake:4  | Identified the +6 arbalest "Etigoo" {freeze, rElec rF+}
 37612 | Snake:4  | Noticed Vashnia
 37689 | Snake:4  | Reached skill level 20 in Spellcasting
 38248 | Snake:4  | Received a gift from Sif Muna
 38263 | Snake:4  | Killed Vashnia
 38422 | Snake:4  | Reached XP level 19. HP: 108/121 MP: 16/45
 38532 | Snake:4  | Reached skill level 5 in Invocations
 38721 | Snake:4  | Got a serpentine rune of Zot
 39260 | Vaults:1 | Entered Level 1 of the Vaults
 39909 | Vaults:1 | Noticed Saint Roka
 39919 | Vaults:1 | Killed Saint Roka
 40285 | Vaults:1 | Found a runed translucent gate.
 40497 | Vaults:1 | Noticed Qogouluc's ghost (veteran DECj)
 40498 | Vaults:1 | Found a runed translucent gate.
 40498 | Vaults:1 | Found a runed translucent gate.
 41394 | Vaults:2 | Identified the storm talisman "Poocaym" {rN++ Str+5}
 41394 | Vaults:2 | Noticed Sojobo
 41406 | Vaults:2 | Killed Sojobo
 41529 | Vaults:2 | Received a gift from Sif Muna
 41530 | Vaults:2 | Got Ydol's Precepts of Fiery Ill Luck {god gift}
 41660 | Vaults:2 | Found Kaemi's Weapon Shop.
 41940 | Vaults:2 | Found Hucet's Assorted Antiques.
 42368 | Vaults:2 | Noticed Xtahua
 42456 | Vaults:2 | Reached XP level 20. HP: 128/128 MP: 31/46
 42603 | Vaults:2 | Found Bemuzis's Distillery.
 42607 | Vaults:2 | Bought a potion of haste for 110 gold pieces
 42607 | Vaults:2 | Bought a potion of ambrosia for 88 gold pieces
 42607 | Vaults:2 | Bought a potion of haste for 110 gold pieces
 42607 | Vaults:2 | Bought a potion of magic for 88 gold pieces
 42607 | Vaults:2 | Bought a potion of resistance for 110 gold pieces
 42607 | Vaults:2 | Bought a potion of curing for 33 gold pieces
 42607 | Vaults:2 | Bought a potion of heal wounds for 55 gold pieces
 42607 | Vaults:2 | Bought a potion of heal wounds for 55 gold pieces
 42607 | Vaults:2 | Bought a potion of heal wounds for 55 gold pieces
 42865 | Vaults:2 | Found Onnidof's Armour Shop.
 43019 | Vaults:2 | Received a gift from Sif Muna
 43020 | Vaults:2 | Got Sif Muna's Commentary on the Supportive Grave {god
                  | gift}
 43330 | Vaults:2 | Found a staircase to the Crypt.
 43494 | Vaults:2 | Found Zoaganum's Antique Armour Boutique.
 43707 | Vaults:3 | Reached skill level 10 in Fire Magic
 43743 | Vaults:3 | Reached skill level 15 in Fighting
 43772 | Vaults:3 | Found a crumbling gateway.
 43883 | Desolati | Entered the Desolation of Salt
 43891 | Desolati | Learned a level 5 spell: Fireball
 44373 | Desolati | Identified the amulet of Intercession {Regen+ Int+4}
 44381 | Desolati | Got the Excursus on the Bonfire and the Storm
 44386 | Desolati | Received a gift from Sif Muna
 44387 | Desolati | Reached skill level 10 in Invocations
 44387 | Desolati | Got Sif Muna's Precepts of the Nine Youths {god gift}
 44626 | Desolati | Identified the ring "Urewedyu" {^Contam rCorr Str+6 Dex+6
                  | SInv}
 44844 | Desolati | Identified the ring "Vegerph" {Ice MP+9}
 45084 | Desolati | Got the Precepts of the Blink Frog
 45088 | Desolati | Reached skill level 15 in Dodging
 46489 | Vaults:3 | You fall into a shaft and drop 1 floor!
 46533 | Vaults:4 | Received a gift from Sif Muna
 46534 | Vaults:4 | Got Sif Muna's Disquisition on Shocking Production {god
                  | gift}
 47050 | Vaults:4 | Reached XP level 21. HP: 121/134 MP: 29/47
 47468 | Vaults:4 | Found Erogik's Distillery.
 47582 | Vaults:4 | Bought a potion of curing for 48 gold pieces
 47582 | Vaults:4 | Bought a potion of ambrosia for 128 gold pieces
 47582 | Vaults:4 | Bought a potion of haste for 160 gold pieces
 47582 | Vaults:4 | Bought a potion of brilliance for 64 gold pieces
 47769 | Vaults:4 | Reached skill level 10 in Conjurations
 48525 | Elf:1    | Entered Level 1 of the Elven Halls
 48942 | Elf:1    | Got the Teachings on Battling
 49051 | Elf:1    | Noticed Zenata
 49064 | Elf:1    | Noticed Asterion
 49073 | Elf:1    | Killed Asterion
 49232 | Elf:1    | Found a portal to a secret trove of treasure.
 49463 | Elf:1    | Killed Zenata
 49549 | Elf:1    | Received a gift from Sif Muna
 49550 | Elf:1    | Got Sif Muna's Quarto of Incendiary Force {god gift}
 49669 | Elf:1    | Found Roicaaxext's Magic Scroll Shop.
 49672 | Elf:1    | Bought a scroll of immolation for 72 gold pieces
 49672 | Elf:1    | Bought a scroll of teleportation for 54 gold pieces
 49784 | Elf:1    | Found Kokid's Jewellery Emporium.
 49801 | Elf:1    | Found Siboumif's Weapon Shoppe.
 49959 | Elf:1    | Found a runed translucent gate.
 49960 | Elf:1    | Found a runed translucent gate.
 49960 | Elf:1    | Found a runed translucent gate.
 50184 | Trove    | Entered a treasure trove
 50190 | Trove    | Identified the +8 quick blade "Qyzuthruy" {elec, Stlth+}
 50192 | Trove    | Identified the +7 triple crossbow of the People {flame,
                  | Str+2 Dex+2}
 50200 | Trove    | Identified the +5 battleaxe of Reapportionment {heavy,
                  | *Slow +Blink Fly rN++}
 50203 | Trove    | Identified the +3 bardiche "Laniowel" {speed, rElec Int+4}
 50204 | Trove    | Identified the +5 spear of the Moon {heavy, Int+3}
 50396 | Elf:2    | Found Nybli's Distillery.
 50406 | Elf:2    | Bought a potion of ambrosia for 128 gold pieces
 50406 | Elf:2    | Bought a potion of heal wounds for 80 gold pieces
 50406 | Elf:2    | Bought a potion of haste for 160 gold pieces
 50406 | Elf:2    | Bought a potion of curing for 48 gold pieces
 50406 | Elf:2    | Bought a potion of curing for 48 gold pieces
 50406 | Elf:2    | Bought a potion of curing for 48 gold pieces
 51015 | Elf:2    | Found a runed translucent gate.
 51016 | Elf:2    | Found a runed translucent gate.
 51016 | Elf:2    | Found a runed translucent gate.
 51347 | Elf:2    | Reached skill level 15 in Fire Magic
 51627 | Elf:2    | Identified the blade talisman of Protective Custody
                  | {Slay+2}
 51813 | Elf:3    | Entered Level 3 of the Elven Halls
 51813 | Elf:3    | Found Caxaf's Assorted Antiques.
 51820 | Elf:3    | Paralysed by an air elemental for 1 turns
 51888 | Elf:3    | Found Bowoweoc's Jewellery Shop.
 52018 | Elf:3    | Paralysed by an air elemental for 1 turns
 52027 | Elf:3    | Reached XP level 22. HP: 140/140 MP: 23/48
 52222 | Elf:3    | Found Timafo's Book Shoppe.
 52591 | Elf:3    | Identified the +0 lajatang of Causality {heavy, rElec rPois
                  | Str-3 Dex-3}
 52633 | Elf:3    | Identified the +3 leather armour "Hegaurup" {Fly rF+}
 52776 | Elf:3    | Identified the +6 hand axe of Fury {freeze, rPois}
 52841 | Elf:3    | Identified the +8 whip of Light {venom, rElec Will- Str+3
                  | Int+3}
 52949 | Elf:3    | Identified the ring "Liysa Keima" {rPois Will+}
 53214 | Elf:3    | Learned a level 8 spell: Ignition
 53224 | Elf:3    | Identified the +5 chain mail "Jupierph" {rN+ Stlth+}
 53314 | Elf:3    | Found Sahiogut's Weapon Boutique.
 53364 | Elf:3    | Got Zecs's Guidebook on Blasting and Hoarfrost
 53369 | Elf:3    | Found a runed translucent door.
 53369 | Elf:3    | Found a shimmering altar of Xom.
 53369 | Elf:3    | Noticed Taxman1966's ghost (adept MfSh)
 53391 | Elf:3    | Killed Taxman1966's ghost
 53894 | Depths:1 | Entered Level 1 of the Depths
 54085 | Depths:1 | Reached skill level 21 in Spellcasting
 54486 | Depths:1 | Found a one-way gateway to a ziggurat.
 54571 | Depths:1 | Found Xaeph's Island Escapes.
 54576 | Depths:1 | Found a gateway to Hell.
 54722 | Depths:1 | Bought a scroll of teleportation for 48 gold pieces
 54722 | Depths:1 | Bought a scroll of blinking for 120 gold pieces
 54722 | Depths:1 | Bought a scroll of teleportation for 48 gold pieces
 54722 | Depths:1 | Bought a scroll of teleportation for 48 gold pieces
 54722 | Depths:1 | Bought a scroll of fog for 64 gold pieces
 54722 | Depths:1 | Bought a potion of enlightenment for 80 gold pieces
 55229 | Depths:2 | Found a sparkling altar of Nemelex Xobeh.
 55648 | Depths:2 | Reached skill level 22 in Spellcasting
 55737 | Depths:2 | Noticed a golden dragon
 55845 | Depths:2 | Killed a golden dragon
 55918 | Depths:2 | Identified the +6 short sword of the Enchanted Forest
                  | {heavy, rElec}
 56201 | Depths:2 | Found a one-way gate leading to the halls of Pandemonium.
 56679 | Depths:3 | Reached XP level 23. HP: 144/144 MP: 4/51
 56753 | Depths:2 | Learned a level 8 spell: Maxwell's Capacitive Coupling
 56955 | Depths:3 | Noticed Norris
 56969 | Depths:3 | Killed Norris
 57075 | Depths:3 | Noticed a caustic shrike
 57077 | Depths:3 | Noticed a caustic shrike
 57077 | Depths:3 | Noticed a caustic shrike
 57078 | Depths:3 | Noticed a caustic shrike
 57081 | Depths:3 | Noticed a caustic shrike
 57083 | Depths:3 | Killed a caustic shrike
 57083 | Depths:3 | Killed a caustic shrike
 57084 | Depths:3 | Killed a caustic shrike
 57085 | Depths:3 | Reached skill level 15 in Air Magic
 57085 | Depths:3 | Killed a caustic shrike
 57087 | Depths:3 | Killed a caustic shrike
 57378 | Depths:3 | Received a gift from Sif Muna
 57379 | Depths:3 | Got Sif Muna's Anthology of the Bloody Inferno {god gift}
 57384 | Depths:3 | Identified the +0 dire flail of Skirmishing {heavy, Will+}
 57986 | Depths:3 | Found an ancient bone altar of Kikubaaqudgha.
 58462 | Depths:3 | Found a burning altar of Makhleb.
 58636 | Depths:3 | Received a gift from Sif Muna
 58637 | Depths:3 | Got Sif Muna's Catalogue of Stormy Kindling {god gift}
 59181 | Depths:3 | Identified a scroll of acquirement
 59237 | Depths:3 | Found a sacrificial altar of Ru.
 59237 | Depths:3 | Found a one-way gate to the infinite horrors of the Abyss.
 59301 | Depths:3 | Acquired the ring "Zaray" {rN+ Str+3 Int+4}
 59374 | Depths:3 | Found a white marble altar of Elyvilon.
 59512 | Depths:3 | Identified the +0 plate armour "Goheliv" {Fly Regen+ Dex+7}
 59632 | Depths:4 | Entered Level 4 of the Depths
 59836 | Depths:4 | Found Edoplos's Antique Weapon Shop.
 59840 | Depths:4 | Found Pyqolu Vuydgh's Armour Boutique.
 59841 | Depths:4 | Found Alluotz's General Store.
 59855 | Depths:4 | Noticed a juggernaut
 60003 | Depths:4 | Found a flickering gateway to a bazaar.
 60014 | Bazaar   | Entered a bazaar
 60014 | Bazaar   | Found Zocabod's General Store.
 60014 | Bazaar   | Found Anioggip's Distillery.
 60014 | Bazaar   | Found Ekka's Distillery.
 60030 | Bazaar   | Bought a potion of haste for 130 gold pieces
 60030 | Bazaar   | Bought a potion of mutation for 104 gold pieces
 60030 | Bazaar   | Bought a potion of mutation for 104 gold pieces
 60032 | Bazaar   | Bought a potion of heal wounds for 75 gold pieces
 60032 | Bazaar   | Bought a potion of mutation for 120 gold pieces
 60084 | Bazaar   | Bought a potion of heal wounds for 65 gold pieces
 60086 | Bazaar   | Bought a potion of curing for 45 gold pieces
 60086 | Bazaar   | Bought 2 potions of curing for 90 gold pieces
 60086 | Bazaar   | Bought a potion of curing for 45 gold pieces
 60086 | Bazaar   | Bought a potion of curing for 45 gold pieces
 60186 | Depths:4 | Received a gift from Sif Muna
 60189 | Depths:4 | Killed a juggernaut
 60190 | Depths:4 | Reached skill level 10 in Translocations
 60190 | Depths:4 | Reached XP level 24. HP: 90/150 MP: 27/51
 60190 | Depths:4 | Got Sif Muna's Lessons on Spatial Heat {god gift}
 60712 | Depths:4 | Found a gate to the Realm of Zot.
 61448 | Vaults:5 | Entered Level 5 of the Vaults
 61450 | Vaults:5 | Reached skill level 15 in Summonings
 61451 | Vaults:5 | Reached skill level 23 in Spellcasting
 61729 | Vaults:5 | Found the brooch of Shielding {Spirit SH+8}
 61737 | Vaults:5 | Found Juxkes's Antique Weapon Boutique.
 61766 | Vaults:5 | Reached skill level 24 in Spellcasting
 61814 | Vaults:5 | Noticed a dread lich
 61820 | Vaults:5 | Killed a dread lich
 62091 | Vaults:5 | Identified the ring of Wonder {Ice rElec Slay+3}
 62239 | Vaults:5 | Identified the +8 spear "Pynioqak" {protect, Int+3}
 62393 | Vaults:5 | Identified the +3 falchion of the Equinox {freeze, Int+6}
 62681 | Vaults:5 | Upgraded the game from 0.31-a0-1178-gc5c9b8f to
                  | 0.31-a0-1202-ga8fea8b
 62703 | Vaults:5 | Received a gift from Sif Muna
 64109 | Vaults:5 | Reached skill level 25 in Spellcasting
 64125 | Vaults:5 | Noticed an ancient lich
 64138 | Vaults:5 | Killed an ancient lich
 64709 | Vaults:5 | Got the Almanac of the Translocated Valley
 64946 | Vaults:5 | Got a silver rune of Zot
 65643 | Vaults:2 | Bought a scroll of enchant armour for 285 gold pieces
 66146 | Swamp:2  | Learned a level 7 spell: Malign Gateway
 66546 | Crypt:1  | Entered Level 1 of the Crypt
 66566 | Crypt:1  | Reached XP level 25. HP: 145/155 MP: 22/54
 66943 | Vaults:2 | Received a gift from Sif Muna
 66946 | Vaults:2 | Got Sif Muna's Enchiridion on Rotting Austromancy {god
                  | gift}
 67052 | Crypt:1  | Reached skill level 15 in Invocations
 67458 | Crypt:1  | Reached skill level 5 in Shields
 67687 | Crypt:1  | Found a huge runed gate.
 67688 | Crypt:1  | Found a huge runed gate.
 67688 | Crypt:1  | Found a huge runed gate.
 67689 | Crypt:1  | Found a huge runed gate.
 67842 | Crypt:1  | Found a huge runed gate.
 67843 | Crypt:1  | Found a huge runed gate.
 67843 | Crypt:1  | Found a huge runed gate.
 67848 | Crypt:1  | Found a huge runed gate.
 67849 | Crypt:1  | Found a huge runed gate.
 67849 | Crypt:1  | Found a huge runed gate.
 67849 | Crypt:1  | Found a huge runed gate.
 67850 | Crypt:1  | Found a huge runed gate.
 67850 | Crypt:1  | Found a huge runed gate.
 67851 | Crypt:1  | Found a huge runed gate.
 67857 | Crypt:1  | Found a huge runed gate.
 67857 | Crypt:1  | Found a huge runed gate.
 67857 | Crypt:1  | Found a huge runed gate.
 67857 | Crypt:1  | Found a huge runed gate.
 67857 | Crypt:1  | Found a huge runed gate.
 67860 | Crypt:1  | Found a huge runed gate.
 67861 | Crypt:1  | Found a huge runed gate.
 67862 | Crypt:1  | Found a huge runed gate.
 67874 | Crypt:1  | Found a huge runed gate.
 67874 | Crypt:1  | Found a huge runed gate.
 67874 | Crypt:1  | Found a huge runed gate.
 67874 | Crypt:1  | Found a huge runed gate.
 67874 | Crypt:1  | Found a huge runed gate.
 67875 | Crypt:1  | Found a huge runed gate.
 67876 | Crypt:1  | Found a huge runed gate.
 67896 | Crypt:1  | Found a huge runed gate.
 67896 | Crypt:1  | Found a huge runed gate.
 67896 | Crypt:1  | Found a huge runed gate.
 67896 | Crypt:1  | Found a huge runed gate.
 67896 | Crypt:1  | Found a huge runed gate.
 67897 | Crypt:1  | Found a huge runed gate.
 67898 | Crypt:1  | Found a huge runed gate.
 68271 | Crypt:1  | Noticed a dread lich
 68275 | Crypt:1  | Noticed a dread lich
 68698 | Crypt:1  | Killed a dread lich
 68702 | Crypt:1  | Noticed a dread lich
 68952 | Crypt:1  | Killed a dread lich
 68966 | Crypt:1  | Killed a dread lich
 68967 | Crypt:1  | Reached skill level 26 in Spellcasting
 69139 | Crypt:1  | Identified the staff "Turea" {rC+ Str+4 Int+3 Ice}
 69174 | Crypt:2  | Noticed Grunn
 69310 | Crypt:2  | Noticed Frederick
 69316 | Crypt:1  | Killed Frederick
 69385 | Crypt:1  | Killed Grunn
 69792 | Crypt:1  | Learned a level 2 spell: Sublimation of Blood
 69794 | Crypt:1  | Learned a level 1 spell: Apportation
 70237 | Crypt:2  | Received a gift from Sif Muna
 70712 | Crypt:3  | Entered Level 3 of the Crypt
 71619 | Crypt:3  | Found an ancient bone altar of Kikubaaqudgha.
 71622 | Crypt:3  | Received a gift from Sif Muna
 71634 | Crypt:3  | Reached skill level 27 in Spellcasting
 71807 | Crypt:3  | Got Sif Muna's Compilation of Direction {god gift}
 72068 | Crypt:3  | Noticed Khufu
 72073 | Crypt:3  | Killed Khufu
 72355 | Crypt:3  | Reached skill level 10 in Shields
 72557 | Crypt:3  | Got Kikubaaqudgha's Precepts of Death
 72725 | Crypt:3  | Found a staircase to the Tomb.
 72737 | Crypt:3  | Identified the amulet of Ixily {rN+ Regen+ Stlth+}
 72737 | Crypt:3  | Identified the ring of Midwinter {rN+ Str+3}
 72737 | Crypt:3  | Identified the ring "Qeuwyol" {rElec rN+ Int+8 Stlth-}
 72740 | Crypt:3  | Got Sif Muna's Discursus on the Evil Eye
 73572 | Slime:1  | Entered Level 1 of the Pits of Slime
 73730 | Slime:1  | Received a gift from Sif Muna
 73732 | Slime:1  | Got Sif Muna's Incunabulum of Wild Hexes {god gift}
 73955 | Slime:2  | Reached XP level 26. HP: 160/160 MP: 41/56
 74695 | Slime:5  | Entered Level 5 of the Pits of Slime
 74711 | Slime:5  | Received a gift from Sif Muna
 74718 | Slime:5  | Noticed the Royal Jelly
 75169 | Slime:5  | Found a viscous altar of Jiyva.
 75196 | Slime:5  | Killed the Royal Jelly
 75375 | Slime:5  | Identified the +5 great sword "Masesan" {heavy, Will++
                  | Str+3 Int+3}
 75537 | Slime:5  | Identified the +0 ring mail "Osetonix" {^Drain rPois rC+
                  | Str+4}
 75538 | Slime:5  | Identified the amulet "Zicina Duci" {Spirit Rampage Stlth+}
 75559 | Slime:5  | Identified the +9 shortbow of Grandeur {heavy, Str+3 Int+2
                  | Stlth-}
 75589 | Slime:5  | Identified the +1 ring mail "Yrad" {rN+ SInv}
 75598 | Slime:5  | Got a slimy rune of Zot
 75616 | Slime:5  | Identified the +2 chain mail "Bodaosch" {rF+ Regen+ Str+3}
 75671 | Slime:5  | Identified the +5 whip of Pandemonium {chaos, +Blink rN+}
 76504 | Zot:1    | Entered Level 1 of the Realm of Zot
 77275 | Zot:1    | Received a gift from Sif Muna
 77276 | Zot:1    | Got Sif Muna's Elucidation of a Hundred Realms {god gift}
 77789 | Zot:1    | Identified the +9 dagger of Hulaod {heavy, rPois Will+
                  | Int-3 Dex+5}
 77906 | Zot:1    | Noticed Vv
 77926 | Zot:1    | Killed Vv
 78271 | Zot:2    | Found the +4 dragonskin cloak
 78271 | Zot:2    | Noticed Tiamat
 79046 | Zot:2    | Reached XP level 27. HP: 148/165 MP: 24/56
 79263 | Zot:2    | Killed Tiamat
 80807 | Zot:3    | Reached skill level 15 in Shields
 81005 | Zot:3    | Received a gift from Sif Muna
 81873 | Zot:4    | Noticed an orb of fire
 81887 | Zot:4    | Killed an orb of fire
 82437 | Zot:5    | Entered Level 5 of the Realm of Zot
 82965 | Zot:5    | Noticed an ancient lich
 82966 | Zot:5    | Noticed an ancient lich
 82967 | Zot:5    | Noticed a dread lich
 82967 | Zot:5    | Noticed an ancient lich
 82967 | Zot:5    | Noticed an ancient lich
 82967 | Zot:5    | Noticed an orb of fire
 82969 | Zot:5    | Noticed a dread lich
 82971 | Zot:5    | Noticed a dread lich
 82971 | Zot:5    | Noticed an ancient lich
 82971 | Zot:5    | Noticed an orb of fire
 82971 | Zot:5    | Noticed an orb of fire
 82971 | Zot:5    | Noticed a dread lich
 82982 | Zot:5    | Killed a dread lich
 82982 | Zot:5    | Killed a dread lich
 82983 | Zot:5    | Killed an ancient lich
 82983 | Zot:5    | Gained mutation: You are clumsy. (Dex -2) [an orb of fire]
 82985 | Zot:5    | Killed an ancient lich
 82985 | Zot:5    | Killed an ancient lich
 82985 | Zot:5    | Gained mutation: Potions are less effective at restoring
                  | your health. [an orb of fire]
 82995 | Zot:5    | Killed an orb of fire
 83020 | Zot:5    | Noticed an ancient lich
 83024 | Zot:5    | Noticed an ancient lich
 83024 | Zot:5    | Noticed a dread lich
 83032 | Zot:5    | Killed an ancient lich
 83034 | Zot:5    | Killed a dread lich
 83052 | Zot:5    | Killed an ancient lich
 83385 | Zot:5    | Gained mutation: You are vulnerable to cold. (rC-) [an orb
                  | of fire]
 83390 | Zot:5    | Killed an orb of fire
 83398 | Zot:5    | Lost mutation: Potions are less effective at restoring your
                  | health. [potion of mutation]
 83398 | Zot:5    | Lost mutation: You are vulnerable to cold. (rC-) [potion of
                  | mutation]
 83398 | Zot:5    | Lost mutation: You are clumsy. (Dex -2) [potion of
                  | mutation]
 83398 | Zot:5    | Gained mutation: Your natural rate of healing is unusually
                  | fast. [potion of mutation]
 83398 | Zot:5    | Gained mutation: You sometimes lose your temper in combat.
                  | [potion of mutation]
 83398 | Zot:5    | Gained mutation: You are dopey. (Int -2) [potion of
                  | mutation]
 83398 | Zot:5    | Lost mutation: You sometimes lose your temper in combat.
                  | [potion of mutation]
 83616 | Zot:5    | Killed an ancient lich
 83617 | Zot:5    | Reached skill level 15 in Stealth
 83626 | Zot:5    | Killed an orb of fire
 83800 | Zot:5    | Killed an ancient lich
 83826 | Zot:5    | Killed a dread lich
 83945 | Zot:5    | Killed a dread lich
 84245 | Zot:5    | Identified the +5 sling of the Badger {drain, Dex+3}
 84583 | Zot:5    | Got the Orb of Zot
 85039 | D:7      | Noticed Aqobb the pandemonium lord
 85111 | D:2      | Noticed Iskenoji the pandemonium lord
 85123 | D:2      | Killed Iskenoji the pandemonium lord
 85151 | D:1      | Noticed Ikecoist the pandemonium lord
 85151 | D:1      | Noticed an ancient lich
 85168 | D:$      | Escaped with the Orb!

Illustrated notes

Levels and vault maps discovered:
D:1:      matt_arrival_refuge, layout_basic, serial_shops,
          nicolae_shop_competitors_out_of_business
D:2:      layout_rooms
D:3:      layout_loops_ring, basic_ecumenical_altar,
          mainiacjoe_sewer_entry_somewhere_in_here_1
D:4:      layout_basic, kennysheep_cross_room, dk_rats_in_the_wall
D:5:      layout_cave_pools, ashenzari_conservatory_becter, marbit_many_paths
D:6:      layout_loops_cross, grunt_temple_overflow_open,
          minmay_temple_entry_ruins, sigmund_edmund_badplayer
D:7:      layout_rooms, cheibrodos_worm_habitat, nicolae_zig_zag_zippers
D:8:      layout_basic, nicolae_diode_basic
D:9:      layout_layer_cave, grunt_temple_overflow_order_and_chaos_1,
          uniq_erolcha, uniq_maurice
D:10:     layout_rooms, mainiacjoe_overflow_boulevard, david_lair_shrubbed
D:11:     layout_irregular_city
D:12:     layout_roguey, hiddenorc1_lemuel, elyvilon_altar_3
D:13:     layout_long_grid, hellmonk_vaults_attempted_burglary, serial_shops,
          shop, nicolae_diode_quadrants
D:14:     layout_cross, nicolae_figureground_pulse
D:15:     grunt_enter_depths_magical_seal, layout_basic, minmay_hedge_maze,
          st_stairs_12, minmay_joined_circles
Temple:   hellmonk_temple_forest_ring
Lair:1:   layout_hall_layers, grunt_megastairs_4, lemuel_fruit_fields,
          infiniplex_staircase_pool
Lair:2:   layout_cave_pods, nicolae_swamp_entry_splash_gauntlet,
          guppyfry_snake_entry_garden, special_room [special_room_bee]
Lair:3:   wad_woods_structure_01, layout_chaotic_city, uniq_gastronok
Lair:4:   layout_concentric_octagons
Lair:5:   minmay_lair_end_enchanted_forest, layout_regular_city,
          minmay_slime_entry_pillars, lemuel_fruit_tree, lemuel_fruit_fields,
          grunt_megastairs_3
Swamp:1:  layout_basic_swamp, gammafunk_ghost_berserking_beasts,
          nicolae_swamp_rocky_clearing
Swamp:2:  layout_basic_swamp, portal_ice_cave_entry_ice_statue_two,
          hangedman_swamp_ruin_hall, lemuel_altar_in_water2
Swamp:3:  layout_basic_swamp, ebering_ghost_funeral_grove,
          evilmike_swamp_ruin_house_6, uniq_louise
Swamp:4:  swamp_vile, layout_basic_swamp, uniq_bai_suzhen, uniq_nikola
Snake:1:  layout_layer_cave, uniq_mlioglotl, uniq_aizul
Snake:2:  layout_cave_shapes, nicolae_snake_ghostly_warrior_ritual
Snake:3:  layout_gridlike, serial_shops, nicolae_shop_crystal,
          hangedman_snake_corridor_cut
Snake:4:  johnstein_snake_rune_scales, layout_onion_interference, uniq_vashnia
Slime:1:  layout_caves, cheibrodos_slime_lost_civilization_6
Slime:2:  layout_caves, special_room [special_room_jelly]
Slime:3:  layout_caves
Slime:4:  layout_caves, nicolae_slime_phagocytosis
Slime:5:  slime_pit_nicolae_amoeboid
Orc:1:    layout_caves, roderic_batcave, nicolae_shop_clearance, uniq_josephine
Orc:2:    st_orc_open, layout_caves
Elf:1:    layout_geoelf_grid, serial_shops, nicolae_shop_rolled_up,
          nicolae_trove_entry_path_of_doom, minmay_elf_sorcery,
          nicolae_gammafunk_elf_defective_weapons_storage, minmay_shoptagon,
          uniq_zenata, uniq_asterion
Elf:2:    elven_hall_of_blades_hangedman_original [nicolae_blade_tridents],
          layout_onion_city, serial_shops, nicolae_lakefront_shop
Elf:3:    elf_hall, layout_gridlike, serial_shops, shop,
          nicolae_shop_back_alley_shop, shop, shop, ebering_ghost_xom,
          grunt_ministairs_2
Vaults:1: ebering_ghost_rock_garden, nicolae_vaults_doubleplus_tesselated,
          dpeg_vaults_monster_row, nicolae_vaults_six-pack,
          vaults_mumra_chevron_long, v_misc_15, vaults_room_fours,
          nicolae_vaults_tetromino_T_2, nicolae_vaults_trapezoid_1, v_misc_17,
          v_alt_pattern_2, ontoclasm_vaults_eye, kb_rosetta, vaults_room_pools,
          layout_vaults_omnibox, uniq_saint_roka
Vaults:2: vaults_room_guarded_vault, nicolae_vaults_trapezoid_lopsided_1,
          nicolae_vaults_triangles, grunt_vaults_bifocal,
          nicolae_vaults_house_1, nicolae_vaults_six-pack,
          nicolae_vaults_trapezoid_lopsided_4, nicolae_vaults_ring_of_whatevers,
          v_pattern_5, minmay_crypt_entry_skeletal_spiral,
          nicolae_vaults_alarming, grunt_vaults_diagonal,
          hangedman_vaults_restitches, layout_vaults_omnigrid, serial_shops,
          shop, shop, nicolae_shop_pleasant_corner_grove, shop_fountains,
          shop_coins, uniq_sojobo, uniq_xtahua
Vaults:3: portal_desolation_entry_twin_temple, nicolae_vaults_little_squares_6,
          hangedman_vaults_impose, nicolae_vaults_network_quinsquares
          [nicolae_vaults_network_quincunx_subvault,
          nicolae_vaults_network_quincunx_subvault,
          nicolae_vaults_network_quincunx_subvault,
          nicolae_vaults_network_quincunx_subvault],
          nicolae_vaults_door_testing_chamber, nicolae_vaults_house_3,
          nicolae_vaults_little_squares_6, nicolae_vaults_an_arrangement,
          nicolae_vaults_heart-shaped_vault, v_alt_pattern_3,
          nicolae_vaults_variable_pillar_hall,
          nicolae_vaults_trapezoid_lopsided_3, vaults_room_hallway,
          nicolae_vaults_trapezoid_2, layout_vaults_big_cross
Vaults:4: hangedman_vaults_nails, nicolae_vaults_three_branches,
          nicolae_vaults_wine_cellar, nicolae_vaults_spaceships,
          nicolae_vaults_tetromino_L_2, nicolae_vaults_theta,
          ontoclasm_vaults_loading_screen, vaults_room_hallway,
          nicolae_vaults_trapezoid_lopsided_3, layout_vaults_chaotic_city,
          serial_shops, shop
Vaults:5
Crypt:1:  layout_misc_corridors, door_vault
Crypt:2:  layout_misc_corridors, uniq_grunn, uniq_frederick
Crypt:3:  grunt_crypt_end_deaths_head
Depths:1: layout_cave_pools, enter_ziggurat_d, hell_entry,
          nicolae_island_escapes
Depths:2: evilmike_pillar_path, layout_gridlike, nemelex_altar_shiori,
          hangedman_tar_grid_catacomb, rand_demon_pan_entry_5,
          hangedman_decor_points
Depths:3: grunt_profane_halls [grunt_profane_temple_geh,
          grunt_profane_temple_coc, grunt_profane_temple_dis,
          grunt_profane_temple_tar, grunt_profane_loot], hell_entry,
          abyss_entry, pan_entry, uniq_norris
Depths:4: grunt_zot_entry_bicorn, layout_gridlike, serial_shops, bzr_entry_road,
          grunt_hell_entry_dis_old, pan_entry, minmay_shop_star
Zot:1:    grunt_zot_stairs_faceoff, layout_misc_corridors,
          regret_index_zotdec_onion_hex, regret_index_zotdec_ex,
          st_large_dragon_hoard_1, uniq_vv
Zot:2:    layout_onion_interference, uniq_tiamat
Zot:3:    layout_onion, bh_zot_levy_curve
Zot:4:    layout_onion_interference, regret_index_zotdec_twisting_globes,
          uniq_josephina
Zot:5:    layout_cathedral_of_symmetry

Skill      XL: |  1  2  3  4  5  6  7  8  9 10 11 12 13 14 15 16 17 18 19 20 21 22 23 24 25 26 27 |
---------------+----------------------------------------------------------------------------------+-----
Fighting       | 1 2 3 5 7 8 9 10 12 14 15 16 | 16.8
Hexes          | 1 2 3 6 8 10 | 10.0
Conjurations   | 2 3 5 7 10 | 10.0
Spellcasting   | 5 6 10 12 13 15 18 20 22 25 27 | 27.0
Fire Magic     | 3 5 6 9 10 15 18 20 | 20.0
Summonings     | 2 5 6 7 8 12 13 14 15 | 15.0
Stealth        | 6 9 10 15 | 15.0
Translocations | 4 8 10 | 10.0
Evocations     | 1 4 5 8 10 | 10.0
Air Magic      | 1 3 4 9 10 12 13 18 19 20 | 20.0
Dodging        | 4 5 6 9 10 11 15 20 | 20.0
Throwing       | 1 4 |  4.0
Shields        | 3 4 10 13 15 | 15.0
Necromancy     | 9 12 | 12.0
Ice Magic      | 4 5 |  5.0
Invocations    | 4 8 12 14 15 | 15.0

Action                     |  1- 3 |  4- 6 |  7- 9 | 10-12 | 13-15 | 16-18 | 19-21 | 22-24 | 25-27 || total
---------------------------+-------+-------+-------+-------+-------+-------+-------+-------+-------++-------
  Melee: Dagger            |     1 |       |       |    65 |   100 |     6 |    13 |       |       ||   185
         Whip              |       |       |    15 |     4 |       |       |       |       |       ||    19
         Punch             |       |       |     1 |       |       |       |       |       |       ||     1
         Spear             |       |       |       |       |       |    11 |       |       |       ||    11
         Quick blade       |       |       |       |       |       |       |    12 |     2 |       ||    14
         Staff             |       |       |       |       |       |       |     3 |     3 |     3 ||     9
   Fire: Sling             |    34 |    63 |    64 |       |       |       |       |       |       ||   161
  Throw: Throwing net      |       |       |       |       |       |     1 |       |       |       ||     1
   Cast: Magic Dart        |   106 |    30 |   117 |    92 |     7 |       |       |       |       ||   352
         Slow              |     2 |     5 |     6 |     1 |       |       |       |       |       ||    14
         Call Imp          |     1 |    15 |    60 |    11 |       |       |       |       |       ||    87
         Inner Flame       |       |     5 |    69 |    42 |    18 |       |       |       |       ||   134
         Blink             |       |       |     3 |     3 |     4 |     5 |     7 |     9 |    12 ||    43
         Mephitic Cloud    |       |       |     8 |    22 |     3 |     3 |       |       |       ||    36
         Summon Mana Viper |       |       |       |    54 |    52 |    40 |     9 |     3 |     1 ||   159
         Summon Forest     |       |       |       |    10 |    40 |    70 |    10 |     9 |     6 ||   145
         Airstrike         |       |       |       |       |   247 |   446 |    96 |     7 |       ||   796
         Summon Cactus Gia |       |       |       |       |    17 |    43 |    18 |    23 |     3 ||   104
         Summon Lightning  |       |       |       |       |    29 |     7 |       |       |       ||    36
         Summon Guardian G |       |       |       |       |    13 |    14 |     1 |       |       ||    28
         Anguish           |       |       |       |       |       |    34 |     2 |    19 |     1 ||    56
         Death Channel     |       |       |       |       |       |    23 |     2 |     7 |     1 ||    33
         Borgnjor's Vile C |       |       |       |       |       |    27 |    30 |    51 |    65 ||   173
         Ozocubu's Armour  |       |       |       |       |       |     6 |       |     1 |       ||     7
         Plasma Beam       |       |       |       |       |       |    27 |   457 |   465 |   270 ||  1219
         Frozen Ramparts   |       |       |       |       |       |     7 |       |       |       ||     7
         Swiftness         |       |       |       |       |       |     1 |       |     1 |     2 ||     4
         Fireball          |       |       |       |       |       |       |   106 |    13 |    55 ||   174
         Polar Vortex      |       |       |       |       |       |       |     1 |       |     1 ||     2
         Ignition          |       |       |       |       |       |       |       |    69 |   213 ||   282
         Maxwell's Capacit |       |       |       |       |       |       |       |     4 |    24 ||    28
         Sublimation of Bl |       |       |       |       |       |       |       |       |    98 ||    98
         Malign Gateway    |       |       |       |       |       |       |       |       |    52 ||    52
         Fire Storm        |       |       |       |       |       |       |       |       |     1 ||     1
         Apportation       |       |       |       |       |       |       |       |       |    12 ||    12
         Death's Door      |       |       |       |       |       |       |       |       |     2 ||     2
 Invoke: Channel Magic     |       |       |       |       |       |     1 |     3 |     6 |     3 ||    13
         Forget Spell      |       |       |       |       |       |     1 |     1 |       |       ||     2
         Divine Exegesis   |       |       |       |       |       |       |     1 |       |     4 ||     5
  Evoke: Wand              |       |       |       |    13 |     2 |     5 |     6 |    14 |     4 ||    44
         Box of beasts     |       |       |       |       |       |       |     1 |       |       ||     1
         Phantom mirror    |       |       |       |       |       |       |       |     1 |       ||     1
    Use: Scroll            |     3 |     3 |     9 |    15 |    10 |     7 |     8 |     8 |    22 ||    85
         Potion            |       |     1 |       |     4 |       |     2 |     2 |     3 |    12 ||    24
   Stab: Paralysed         |       |       |       |     2 |     1 |     1 |       |       |       ||     4
         Confused          |       |       |       |     1 |       |       |       |       |       ||     1
         Distracted        |       |       |       |     2 |     2 |       |       |       |       ||     4
         Sleeping          |       |       |       |     1 |     5 |     1 |     2 |     1 |       ||    10
 Armour: Robe              |     9 |       |       |       |       |       |       |       |       ||     9
         Leather armour    |    13 |    19 |     3 |       |       |   137 |   138 |   142 |   143 ||   595
         Ring mail         |       |       |    88 |   122 |   189 |    40 |       |       |       ||   439
  Dodge: Dodged            |    28 |    20 |    65 |    51 |   120 |    98 |   128 |   137 |   161 ||   808
  Block: Buckler           |       |       |       |       |    37 |    69 |    38 |    56 |       ||   200
         Tower shield      |       |       |       |       |       |       |       |     2 |   294 ||   296

Table legend: (Time is in decaauts)
 A = Elapsed time spent in this place.
 B = Non-inter-level travel time spent in this place.
 C = Inter-level travel time spent in this place.
 D = Time resting spent in this place.
 E = Time spent auto-exploring this place.
 F = Levels seen in this place.
 G = Mean time per level.
                   A        B        C        D        E       F      G
               +--------+--------+--------+--------+--------+-----+--------+
         Total |  85809 |  78495 |   7314 |  29441 |  25515 |  62 | 1384.0 |
       Dungeon |  18929 |  16633 |   2296 |   4333 |   5612 |  15 | 1261.9 |
        Temple |     30 |     30 |      0 |      0 |      0 |   1 |   30.0 |
          Lair |   7657 |   6403 |   1254 |   1520 |   2788 |   5 | 1531.4 |
         Swamp |   5540 |   4926 |    614 |   1699 |   1390 |   4 | 1385.0 |
     Snake Pit |   6110 |   5280 |    830 |   1474 |   1942 |   4 | 1527.5 |
    Slime Pits |   2402 |   2348 |     54 |   1015 |    561 |   5 |  480.4 |
  Orcish Mines |   1909 |   1772 |    137 |    493 |    685 |   2 |  954.5 |
   Elven Halls |   5017 |   4736 |    281 |   1698 |   1944 |   3 | 1672.3 |
        Vaults |  12978 |  11853 |   1125 |   5647 |   4363 |   5 | 2595.6 |
         Crypt |   5736 |   5641 |     95 |   3244 |   1225 |   3 | 1912.0 |
        Depths |   7458 |   7154 |    304 |   3168 |   2327 |   4 | 1864.5 |
           Zot |   8103 |   7784 |    319 |   3496 |   2238 |   5 | 1620.6 |
         Abyss |    232 |    232 |      0 |     75 |      0 |   1 |  232.0 |
        Bazaar |     85 |     85 |      0 |     48 |     14 |   1 |   85.0 |
         Trove |     29 |     29 |      0 |      0 |      0 |   1 |   29.0 |
         Sewer |    854 |    854 |      0 |    368 |     41 |   1 |  854.0 |
      Ice Cave |   1108 |   1108 |      0 |    460 |      0 |   1 | 1108.0 |
    Desolation |   1624 |   1624 |      0 |    701 |    383 |   1 | 1624.0 |
               +--------+--------+--------+--------+--------+-----+--------+

Top non-repeatable levels by time:
Vaults:2: 3890 daAuts
Vaults:5: 3347 daAuts
Depths:3: 2681 daAuts
 Crypt:3: 2462 daAuts
    D:13: 2448 daAuts
 Crypt:1: 2437 daAuts
    D:15: 2164 daAuts
   Zot:1: 2079 daAuts
Depths:2: 2050 daAuts
Vaults:1: 2003 daAuts
 Swamp:4: 1965 daAuts
  Lair:5: 1951 daAuts
Vaults:3: 1940 daAuts
     D:4: 1931 daAuts
 Snake:4: 1870 daAuts
